 Dungeon Crawl Stone Soup version 0.30-a0-618-gd6c86c23d0 (webtiles) character file.

Game seed: 15992292341405477404

333 porpoise the Fighter (level 6, -1/57 HPs)
             Began as a Gnoll Wanderer on Jan 10, 2023.
             Slain by Duvessa
             ... wielding a +0 short sword
              (7 damage)
             ... on level 4 of the Dungeon.
             The game lasted 00:07:05 (2292 turns).

porpoise the Fighter (Gnoll Wanderer)               Turns: 2292, Time: 00:07:06

Health: -1/57      AC:  6    Str: 12    XL:     6   Next: 53%
Magic:  9/9        EV: 12    Int: 11    God:
Gold:   215        SH:  0    Dex: 13    Spells: 9/9 levels left

rFire   . . .      SeeInvis .    a - +4 short sword
rCold   . . .      Faith    .    (no shield)
rNeg    . . .      Spirit   .    j - +0 ring mail
rPois   .          Reflect  .    (no helmet)
rElec   .          Harm     .    (no cloak)
rCorr   .          Rampage  .    (no gloves)
Will    .....                    b - +0 pair of boots
Stlth   ++                       (no amulet)
HPRegen 0.29/turn                (no ring)
MPRegen 0.11/turn                (no ring)

@: no status effects
A: fangs 1, strong nose, distributed training
a: no special abilities


You were on level 4 of the Dungeon.
You visited 1 branch of the dungeon, and saw 4 of its levels.

You collected 215 gold pieces.

Inventory:

Hand Weapons
 a - a +4 short sword (weapon)
Missiles
 q - 5 atropa-tipped darts (quivered)
 w - 3 poisoned darts
Armour
 b - a +0 pair of boots (worn)
 j - a +0 ring mail (worn)
 v - the +0 robe "Ilipogull" {rC+ Int+4}
   (You found it on level 3 of the Dungeon)

   Int:       It affects your intelligence (+4).
   rC:        It protects you from cold.
Jewellery
 d - a ring of ice
 m - an amulet of magic regeneration
Wands
 t - a wand of polymorph (14)
Scrolls
 f - a scroll of immolation {unknown}
 g - a scroll of poison {unknown}
 l - a scroll of enchant weapon
 s - a scroll of noise {unknown}
 u - a scroll of magic mapping {unknown}
 x - a scroll of brand weapon {unknown}
Potions
 c - 2 potions of haste
 e - a potion of berserk rage
 h - a potion of heal wounds {unknown}
 i - 2 potions of cancellation
 k - a potion of flight {unknown}
 o - a potion of invisibility {unknown}
 p - 5 potions of curing
 r - a potion of might {unknown}
 z - a potion of lignification {unknown}


   Skills:
 + Level 8.8 Fighting
 + Level 6.9 Short Blades
 + Level 2.1 Long Blades
 + Level 2.1 Axes
 + Level 2.1 Maces & Flails
 + Level 2.1 Polearms
 + Level 2.1 Staves
 + Level 2.1 Ranged Weapons
 + Level 2.1 Throwing
 + Level 2.1 Armour
 + Level 5.0 Dodging
 + Level 3.1 Stealth
 + Level 2.1 Shields
 + Level 2.1 Unarmed Combat
 + Level 2.1 Spellcasting
 + Level 1.6 Conjurations
 + Level 1.6 Hexes
 + Level 1.6 Summonings
 + Level 1.6 Necromancy
 + Level 1.6 Translocations
 + Level 1.6 Transmutations
 + Level 1.6 Fire Magic
 + Level 1.6 Ice Magic
 + Level 1.6 Air Magic
 + Level 1.6 Earth Magic
 + Level 1.6 Poison Magic
 + Level 2.3 Invocations
 + Level 2.1 Evocations


You had 9 spell levels left.
You didn't know any spells.
Your spell library contained the following spells:

 Spells                   Type           Power      Damage    Failure   Level
 Freeze                   Ice            16%        1d4       32%         1
 Frozen Ramparts          Ice            8%         1d2       67%         3
 Hailstorm                Conj/Ice       4%         3d4       67%         3


Dungeon Overview and Level Annotations

Branches:
Dungeon (4/15)
 Temple: D:4-7

Altars:

Annotations:
D:4 Blork the orc, Dowan, Duvessa


Innate Abilities, Weirdness & Mutations

You have very sharp teeth.
Your uncanny sense of smell can sniff out nearby items.
Your experience applies equally to all skills.


Message History

Duvessa hits you with a +0 short sword.
Dowan mumbles some strange words.
Dowan blinks!
You hit Duvessa.
Duvessa is moderately wounded.
Duvessa closely misses you.
You hit Duvessa.
Duvessa is moderately wounded.
The goblin hits you with a +0 dagger. Duvessa hits you but does no damage.
You hit Duvessa.
Duvessa is moderately wounded.
Duvessa is no longer blind.
Duvessa hits you with a +0 short sword. The goblin closely misses you.
You hit Duvessa. Your bite misses Duvessa.
Duvessa is heavily wounded.
Duvessa hits you with a +0 short sword.
You hit Duvessa but do no damage.
Duvessa is heavily wounded.
The goblin barely misses you. Duvessa hits you with a +0 short sword.
You hit Duvessa but do no damage.
Duvessa is heavily wounded.
Dowan casts a spell.
Dowan blinks!
Duvessa hits you with a +0 short sword!
* * * LOW HITPOINT WARNING * * *
The goblin closely misses you.
You barely miss Duvessa.
Duvessa is heavily wounded.
Duvessa hits you with a +0 short sword!
* * * LOW HITPOINT WARNING * * *
You hit Duvessa.
Duvessa is heavily wounded.
The goblin closely misses you. Duvessa hits you but does no damage.
You hit Duvessa but do no damage.
Duvessa is heavily wounded.
The goblin hits you but does no damage. Duvessa hits you with a +0 short sword.
* * * LOW HITPOINT WARNING * * *
You hit Duvessa.
Duvessa is heavily wounded.
Duvessa hits you with a +0 short sword!
You die...

#..#
#..##.............#
...
.....###...........##
####.## ##.........##
#. ##...#.#.## #.
#####.#.# #. ####.#.#
#.#######.##.#.#
......lge.#.#.#
.#####.#@#..#.#
#.##.##.#.# #e.
.......# .(g
##.##.#.# .l##
#.#.#..# ... ...# . #
.# #.# .. ..# ..


You could see Duvessa (fast), an iguana and a goblin.

Vanquished Creatures
  Grinder (D:4)
  A hound (D:3)
  An adder (D:3)
  4 worms
  5 dart slugs
  4 orcs (D:3)
  5 ball pythons
  5 endoplasms
  2 giant cockroaches
  6 goblins
  2 hobgoblins
  6 jackals
  6 kobolds
  A quokka (D:2)
  4 bats
  2 frilled lizards
  4 rats
59 creatures vanquished.

Vanquished Creatures (others)
  2 plants (D:2)
2 creatures vanquished.

Grand Total: 61 creatures vanquished

Notes
Turn   | Place    | Note
-------+----------+-------------------------------------------
     0 | D:1      | porpoise the Gnoll Wanderer began the quest for the Orb.
     0 | D:1      | porpoise set off with the following items: a +3 short
                  | sword, a +0 pair of boots, a potion of haste, a +0 leather
                  | armour.
     0 | D:1      | Reached XP level 1. HP: 26/26 MP: 1/1
   319 | D:1      | Reached XP level 2. HP: 33/33 MP: 2/2
   666 | D:2      | Reached XP level 3. HP: 37/38 MP: 3/3
   758 | D:2      | Reached skill level 1 in Invocations
   911 | D:2      | Reached skill level 1 in Long Blades
   911 | D:2      | Reached skill level 1 in Axes
   911 | D:2      | Reached skill level 1 in Maces & Flails
   911 | D:2      | Reached skill level 1 in Polearms
   911 | D:2      | Reached skill level 1 in Staves
   911 | D:2      | Reached skill level 1 in Ranged Weapons
   911 | D:2      | Reached skill level 1 in Throwing
   911 | D:2      | Reached skill level 1 in Armour
   911 | D:2      | Reached skill level 1 in Shields
   911 | D:2      | Reached skill level 1 in Unarmed Combat
   911 | D:2      | Reached skill level 1 in Spellcasting
   911 | D:2      | Reached skill level 1 in Evocations
  1188 | D:3      | Reached XP level 4. HP: 45/45 MP: 5/5
  1418 | D:3      | Reached skill level 1 in Conjurations
  1418 | D:3      | Reached skill level 1 in Hexes
  1418 | D:3      | Reached skill level 1 in Summonings
  1418 | D:3      | Reached skill level 1 in Necromancy
  1418 | D:3      | Reached skill level 1 in Translocations
  1418 | D:3      | Reached skill level 1 in Transmutations
  1418 | D:3      | Reached skill level 1 in Fire Magic
  1418 | D:3      | Reached skill level 1 in Ice Magic
  1418 | D:3      | Reached skill level 1 in Air Magic
  1418 | D:3      | Reached skill level 1 in Earth Magic
  1418 | D:3      | Reached skill level 1 in Poison Magic
  1487 | D:3      | Reached XP level 5. HP: 51/51 MP: 7/7
  1495 | D:3      | Identified the +0 robe "Ilipogull" {rC+ Int+4}
  2088 | D:4      | Noticed Grinder
  2113 | D:4      | Killed Grinder
  2114 | D:4      | Reached skill level 5 in Dodging
  2114 | D:4      | Reached XP level 6. HP: 36/57 MP: 7/9
  2271 | D:4      | Noticed Duvessa
  2272 | D:4      | Noticed Dowan
  2275 | D:4      | Noticed Blork the orc
  2292 | D:4      | Slain by Duvessa

Illustrated notes

Levels and vault maps discovered:
D:1:      minmay_arrival_doors, layout_basic
D:2:      layout_rooms, serial_bayou_crossing
D:3:      layout_loops_ring, minmay_misc_feat_iff,
          chequers_serial_rivers_micro_b
D:4:      layout_loops_ring, minitemple, mainiacjoe_overflow_catwalk_spiral,
          minmay_temple_entry_enclosed_plants, kennysheep_another_room,
          uniq_grinder, uniq_blork_the_orc, uniq_duvessa

Skill      XL: |  1  2  3  4  5 |
---------------+----------------+-----
Invocations    | 1 2 |  2.3
Long Blades    | 1 2 |  2.1
Axes           | 1 2 |  2.1
Maces & Flails | 1 2 |  2.1
Polearms       | 1 2 |  2.1
Staves         | 1 2 |  2.1
Ranged Weapons | 1 2 |  2.1
Throwing       | 1 2 |  2.1
Armour         | 1 2 |  2.1
Shields        | 1 2 |  2.1
Unarmed Combat | 1 2 |  2.1
Spellcasting   | 1 2 |  2.1
Evocations     | 1 2 |  2.1
Conjurations   | 1 |  1.6
Hexes          | 1 |  1.6
Summonings     | 1 |  1.6
Necromancy     | 1 |  1.6
Translocations | 1 |  1.6
Transmutations | 1 |  1.6
Fire Magic     | 1 |  1.6
Ice Magic      | 1 |  1.6
Air Magic      | 1 |  1.6
Earth Magic    | 1 |  1.6
Poison Magic   | 1 |  1.6
Dodging        | 5 |  5.0
Stealth        | 3 |  3.1
Fighting       | |  8.8
Short Blades   | |  6.9

Action                   |  1- 3 |  4- 6 || total
-------------------------+-------+-------++-------
Melee: Short sword       |   122 |    90 ||   212
       Bite              |     4 |     5 ||     9
       Punch             |     4 |     1 ||     5
Throw: Dart              |       |     3 ||     3
  Use: Scroll            |       |     4 ||     4
 Stab: Sleeping          |     2 |     1 ||     3
Armor: Leather armour    |     4 |       ||     4
       Ring mail         |    18 |    11 ||    29
Dodge: Dodged            |    44 |    39 ||    83

Table legend: (Time is in decaauts)
 A = Elapsed time spent in this place.
 B = Non-inter-level travel time spent in this place.
 C = Inter-level travel time spent in this place.
 D = Time resting spent in this place.
 E = Time spent auto-exploring this place.
 F = Levels seen in this place.
 G = Mean time per level.
                   A        B        C        D        E       F      G
               +--------+--------+--------+--------+--------+-----+--------+
         Total |   2228 |   2167 |     61 |    255 |   1461 |   4 |  557.0 |
       Dungeon |   2228 |   2167 |     61 |    255 |   1461 |   4 |  557.0 |
               +--------+--------+--------+--------+--------+-----+--------+

Top non-repeatable levels by time:
     D:3: 902 daAuts
     D:1: 629 daAuts
     D:2: 498 daAuts
     D:4: 197 daAuts
